 Dungeon Crawl Stone Soup version 0.27.0-1-g7a089689b8 (webtiles) character file.

Game seed: 8549864909667671954

134 theswoord the Twirler (level 4, -2/33 HPs)
             Began as a Demonspawn Gladiator on Aug 10, 2021.
             Slain by a water moccasin (8 damage)
             ... on level 3 of the Dungeon.
             The game lasted 00:04:04 (2932 turns).

theswoord the Twirler (Demonspawn Gladiator)        Turns: 2932, Time: 00:04:04

Health: -2/33      AC: 11    Str: 14    XL:     4   Next: 95%
Magic:  4/4        EV:  6    Int:  9    God:
Gold:   121        SH:  0    Dex: 16    Spells: 3/3 levels left

rFire    . . .     SeeInvis .   a - +2 quarterstaff
rCold    . . .     Faith    .   (shield currently unavailable)
rNeg     . . .     Spirit   .   h - +0 chain mail
rPois    +         Reflect  .   c - +0 helmet
rElec    .         Harm     .   (no cloak)
rCorr    .         Rampage  .   (no gloves)
Will     .....                  (no boots)
Stlth    ..........             (no amulet)
HPRegen  0.11/turn              l - ring of poison resistance
MPRegen  0.09/turn              (no ring)

@: no status effects
A: hooves 1, slimy green scales 1
a: no special abilities


You were on level 3 of the Dungeon.
You visited 1 branch of the dungeon, and saw 4 of its levels.

You collected 121 gold pieces.

Inventory:

Hand Weapons
 a - a +2 quarterstaff (weapon)
Missiles
 d - 3 throwing nets (quivered)
Armour
 b - a +0 leather armour
 c - a +0 helmet (worn)
 h - a +0 chain mail (worn)
 i - a +0 cloak
Jewellery
 l - a ring of poison resistance (left hand)
Scrolls
 f - 3 scrolls of amnesia
 g - a scroll of identify
 j - a scroll of vulnerability {unknown}
 k - a scroll of teleportation


   Skills:
 - Level 2.0 Fighting
 + Level 5.2 Staves
 - Level 1.7 Throwing
 - Level 2.6 Dodging


You had 3 spell levels left.
You didn't know any spells.
Your spell library was empty.

Dungeon Overview and Level Annotations

Branches:
Dungeon (4/15)
 Temple: D:4-7

Altars:
Ashenzari
Yredelemnul


Innate Abilities, Weirdness & Mutations

You have large cloven feet.
You are partially covered in slimy green scales. (AC +2)


Message History

The water moccasin poisons you!
A water moccasin is nearby!
Okay, then.
You feel very sick.
You feel very sick. The water moccasin bites you.
You feel sick.
You feel sick.
There is a stone staircase leading up here.
You feel sick. The water moccasin barely misses you.
The water moccasin bites you.
* * * LOW HITPOINT WARNING * * *
You climb upwards.
You feel sick.
There is a stone staircase leading down here.
You barely miss the water moccasin.
You kick the water moccasin, but do no damage.
You feel sick.
The water moccasin bites you but does no damage.
You barely miss the water moccasin. Your kick misses the water moccasin.
You feel sick. The water moccasin barely misses you.
The water moccasin bites you but does no damage.
You sock the water moccasin! Your kick misses the water moccasin.
The water moccasin is moderately wounded.
You feel sick.
You are no longer poisoned.
The water moccasin bites you.
* * * LOW HITPOINT WARNING * * *
You hit the water moccasin.
The water moccasin is heavily wounded.
The water moccasin bites you.
* * * LOW HITPOINT WARNING * * *
Unknown command.
You feel better. The water moccasin bites you.
* * * LOW HITPOINT WARNING * * *
The water moccasin bites you but does no damage.
You hit the water moccasin.
You kick the water moccasin, but do no damage.
The water moccasin is heavily wounded.
The water moccasin bites you!
You die...

###.#.#.# #..#.# #_............
....#.#.#####....###..#...#...#..
......#.....#.#....#.............
###########.#.#..################
............#.#..##......#
##########..#.#..##......#
.........#..#.#..##......#
'#######.#..#.#..##......#
.......#.#<.#...@S....##.#
....†..#.......#########.#
.......#.......'...# #.#
.......#.......###.### #.#
.......#.......# #...# #.#
'#######.###########.# #.# .# #.#
#....<#.# #)# .# #.# #.#####.#
#.# .# #.# #.# #.# #.##


You could see a water moccasin.

Vanquished Creatures
  A hound skeleton (D:4)
  3 adders
  A howler monkey skeleton (D:3)
  2 worms (D:2)
  2 dart slugs
  4 orcs (D:3)
  6 ball pythons
  6 endoplasms
  A giant cockroach (D:1)
  7 goblins
  8 hobgoblins
  6 jackals
  4 kobolds
  3 quokkas
  4 bats
  3 frilled lizards
  5 rats
66 creatures vanquished.

Vanquished Creatures (others)
  4 fungi (D:3)
4 creatures vanquished.

Grand Total: 70 creatures vanquished

Notes
Turn   | Place    | Note
-------+----------+-------------------------------------------
     0 | D:1      | theswoord the Demonspawn Gladiator began the quest for the
                  | Orb.
     0 | D:1      | Reached XP level 1. HP: 16/16 MP: 1/1
   188 | D:1      | Reached skill level 3 in Staves
   310 | D:1      | Gained mutation: You have large cloven feet. [demonic
                  | ancestry]
   310 | D:1      | Reached XP level 2. HP: 20/22 MP: 2/2
  1089 | D:2      | Reached skill level 4 in Staves
  1089 | D:2      | Gained mutation: You are partially covered in slimy green
                  | scales. (AC +2) [demonic ancestry]
  1089 | D:2      | Reached XP level 3. HP: 14/27 MP: 3/3
  1381 | D:2      | Found a broken altar of Ashenzari.
  1693 | D:2      | Reached XP level 4. HP: 33/33 MP: 4/4
  1893 | D:2      | Found a faded altar of an unknown god.
  2636 | D:3      | Reached skill level 5 in Staves
  2814 | D:3      | Found a basalt altar of Yredelemnul.
  2920 | D:4      | Noticed a water moccasin
  2932 | D:3      | Slain by a water moccasin

Skill      XL: |  1  2  3  4 |
---------------+-------------+-----
Staves         | 3 4 5 |  5.2
Fighting       | |  2.0
Throwing       | |  1.7
Dodging        | |  2.6

Action                   |  1- 3 |  4- 6 || total
-------------------------+-------+-------++-------
Melee: Quarterstaff      |    96 |    71 ||   167
       Kick              |    16 |    19 ||    35
  Use: Scroll            |     3 |     2 ||     5
       Potion            |       |     1 ||     1
 Stab: Sleeping          |     1 |       ||     1
Armor: Leather armour    |    13 |       ||    13
       Chain mail        |    25 |    52 ||    77
Dodge: Dodged            |    54 |    18 ||    72

Levels and vault maps discovered:
D:1:      minmay_arrival_diagonal_passages, layout_loops_ring
D:2:      layout_basic, basic_ecumenical_altar, basic_altar, minivault_25,
          minmay_pentomino_v4
D:3:      layout_basic, lemuel_coloured_pillars_altar, minmay_shallow_snake_nest
D:4:      layout_gridville, serial_shops, shop, ebering_ghost_sewer_d
